3AAA
SIOUX FALLS RED PANDAS @ ELLENBURG FIGHTING DACHSUNDS
05/31/2038
 
TOP OF THE 1ST
Sioux Falls Red Pandas batting - Pitching for Ellenburg Fighting Dachsunds : RHP Shihab bin Salim
Pitching: RHP Shihab bin Salim
Batting: SHB Javier Vázquez 0-0: Ball
1-0: Foul Ball, location: 2F
1-1: DOUBLE (Groundball, 3L, EV 109.4 MPH)
Batting: LHB Ramón Morterero 0-0: Called Strike
0-1: Fly out, F8 (Flyball, 8LXD, EV 84.4 MPH)
Runner from 2nd tags up, SAFE at 3rd, no throw by CF
Batting: LHB Preston Witt 0-0: Called Strike
0-1: Foul Ball, location: 2F
0-2: Ball
1-2: Ball
2-2: Ball
3-2: Fly out, F7 (Flyball, 7S, EV 85.0 MPH)
Batting: LHB Jin-yong Myung 0-0: Ground out U3 (Groundball, 3, EV 80.0 MPH)
Top of the 1st over - 0 runs, 1 hit, 0 errors, 1 left on base; Sioux Falls 0 - Ellenburg 0
BOTTOM OF THE 1ST
Ellenburg Fighting Dachsunds batting - Pitching for Sioux Falls Red Pandas : LHP Habakkuk Baldonado
Pitching: LHP Habakkuk Baldonado
Batting: RHB Jesús Morán 0-0: Called Strike
0-1: Fly out, F9 (Flyball, 9LS, EV 89.4 MPH)
Batting: RHB Sze Qi 0-0: Called Strike
0-1: Foul Ball, location: 2F
0-2: Ball
1-2: Ground out 5-3 (Groundball, 56, EV 82.5 MPH)
Batting: SHB Adam Clements 0-0: SINGLE (Line Drive, 8RS, EV 95.0 MPH)
Batting: RHB Brook Linen 0-0: Ball
1-0: Fly out, F7 (Flyball, 7, EV 88.8 MPH)
Bottom of the 1st over - 0 runs, 1 hit, 0 errors, 1 left on base; Sioux Falls 0 - Ellenburg 0
TOP OF THE 2ND
Sioux Falls Red Pandas batting - Pitching for Ellenburg Fighting Dachsunds : RHP Shihab bin Salim
Batting: RHB Lane McCool 0-0: Called Strike
0-1: Ball
1-1: Ground out 6-3 (Groundball, 6, EV 83.1 MPH)
Batting: LHB António González 0-0: Called Strike
0-1: Called Strike
0-2: Ball
1-2: SINGLE (Groundball, 4MD, EV 101.9 MPH)
Batting: RHB Tsukasa Sekine 0-0: Ball
1-0: Called Strike
1-1: Ball
2-1: Ball
3-1: Called Strike
3-2: Strikes out swinging
António González steals 2nd, throwing error, E2
António González to third
Batting: RHB António Martínez 0-0: Foul Ball, location: 2F
0-1: Fly out, F4 (Popup, 4MD, EV 73.1 MPH)
Top of the 2nd over - 0 runs, 1 hit, 1 error, 1 left on base; Sioux Falls 0 - Ellenburg 0
BOTTOM OF THE 2ND
Ellenburg Fighting Dachsunds batting - Pitching for Sioux Falls Red Pandas : LHP Habakkuk Baldonado
Batting: RHB Arvi Sutinen 0-0: Ball
1-0: Ball
2-0: Ball
3-0: Base on Balls
Batting: LHB Tony Worley 0-0: Ball
1-0: Foul Ball, location: 2F
1-1: Called Strike
1-2: Ball
2-2: Fly out, F8 (Line Drive, 8RM, EV 97.5 MPH)
Batting: RHB Orlando Reyes 0-0: Ball
Wild Pitch!
Arvi Sutinen to second
1-0: Ground out 6-3 (Groundball, 6, EV 91.2 MPH)
Arvi Sutinen to third
Batting: RHB Zhen-bang Kwan 0-0: Ball
1-0: Ball
2-0: Swinging Strike
2-1: Foul Ball, location: 2F
2-2: Fly out, F7 (Flyball, 7S, EV 90.6 MPH)
Bottom of the 2nd over - 0 runs, 0 hits, 0 errors, 1 left on base; Sioux Falls 0 - Ellenburg 0
TOP OF THE 3RD
Sioux Falls Red Pandas batting - Pitching for Ellenburg Fighting Dachsunds : RHP Shihab bin Salim
Batting: RHB Dewey Nauss 0-0: Ball
1-0: Called Strike
1-1: Swinging Strike
1-2: Ball
2-2: Strikes out swinging
Batting: SHB Javier Vázquez 0-0: Ball
1-0: Foul Ball, location: 2F
1-1: Ball
2-1: Ball
3-1: Base on Balls
Batting: LHB Ramón Morterero 0-0: Ball
1-0: Ball
2-0: Foul Ball, location: 2F
2-1: Called Strike
2-2: Ball
3-2: SINGLE (Groundball, 3, EV 100.0 MPH) (infield hit)
Javier Vázquez to second
Batting: LHB Preston Witt 0-0: Ball
1-0: Ball
2-0: Called Strike
2-1: Called Strike
Javier Vázquez steals 3rd base
Ramón Morterero to second
2-2: Ball
3-2: Fly out, F8 (Flyball, 8LXD, EV 102.5 MPH)
Runner from 3rd tags up, SCORES, no throw by CF
Ramón Morterero to third
Batting: LHB Jin-yong Myung 0-0: DOUBLE (Flyball, 78XD, EV 107.5 MPH)
Ramón Morterero scores
Batting: RHB Lane McCool 0-0: Called Strike
0-1: Foul Ball, location: 2F
0-2: Ground out 6-3 (Groundball, 6, EV 102.5 MPH)
Top of the 3rd over - 2 runs, 2 hits, 0 errors, 1 left on base; Sioux Falls 2 - Ellenburg 0
BOTTOM OF THE 3RD
Ellenburg Fighting Dachsunds batting - Pitching for Sioux Falls Red Pandas : LHP Habakkuk Baldonado
Batting: RHB Al Grant 0-0: Foul Ball, location: 2F
0-1: SINGLE (Groundball, 34D, EV 100.6 MPH)
Batting: RHB Jesús Morán 0-0: Ball
1-0: Fielders Choice at 2nd, 6-4 (Groundball, 6M, EV 78.1 MPH)
Batting: RHB Sze Qi 0-0: Ball
1-0: Foul Ball, location: 2F
1-1: Foul Ball, location: 2F
1-2: Fly out, F1 (Popup, 13, EV 80.0 MPH)
Batting: SHB Adam Clements 0-0: Ground out 1-3 (Groundball, 15, EV 87.5 MPH)
Bottom of the 3rd over - 0 runs, 1 hit, 0 errors, 1 left on base; Sioux Falls 2 - Ellenburg 0
TOP OF THE 4TH
Sioux Falls Red Pandas batting - Pitching for Ellenburg Fighting Dachsunds : RHP Shihab bin Salim
Now at C: Bill O'Halloran
Batting: LHB António González 0-0: Foul Ball, location: 2F
0-1: Fly out, F7 (Flyball, 7D, EV 91.2 MPH)
Batting: RHB Tsukasa Sekine 0-0: Ball
1-0: Ball
2-0: Ball
3-0: Base on Balls
Batting: RHB António Martínez 0-0: Ball
1-0: Ball
2-0: Ball
3-0: Base on Balls
Tsukasa Sekine to second
Batting: RHB Dewey Nauss 0-0: Ball
1-0: Ball
2-0: Called Strike
2-1: Ball
3-1: Swinging Strike
3-2: Reached on error, E6 (Groundball, 6, EV 79.4 MPH)
Tsukasa Sekine to third
António Martínez to second
Batting: SHB Javier Vázquez 0-0: Ball
1-0: Ball
2-0: Ball
3-0: Base on Balls
Tsukasa Sekine scores
António Martínez to third
Dewey Nauss to second
Batting: LHB Ramón Morterero 0-0: Called Strike
0-1: Ball
1-1: Foul Ball, location: 2F
1-2: Ball
2-2: Ball
3-2: Fly out, F9 (Line Drive, 9D, EV 89.4 MPH)
Runner from 3rd tags up, SCORES, no throw by RF
Batting: LHB Preston Witt 0-0: Ball
1-0: Foul Ball, location: 2F
1-1: Swinging Strike
1-2: Ball
2-2: Ball
3-2: Fly out, F9 (Line Drive, 9, EV 96.9 MPH)
Top of the 4th over - 2 runs, 0 hits, 1 error, 2 left on base; Sioux Falls 4 - Ellenburg 0
BOTTOM OF THE 4TH
Ellenburg Fighting Dachsunds batting - Pitching for Sioux Falls Red Pandas : LHP Habakkuk Baldonado
Batting: RHB Brook Linen 0-0: Ball
1-0: Ball
2-0: Ball
3-0: Called Strike
3-1: Foul Ball, location: 2F
3-2: Base on Balls
Batting: RHB Arvi Sutinen 0-0: Ball
1-0: Foul Ball, location: 2F
1-1: Fly out, F8 (Flyball, 89D, EV 83.1 MPH)
Batting: LHB Tony Worley 0-0: Called Strike
0-1: Foul Ball, location: 2F
0-2: Ball
1-2: Ball
2-2: Foul Ball, location: 2F
2-2: SINGLE (Line Drive, 8RS, EV 93.1 MPH)
Brook Linen to second
Runner from 2nd tries for 3rd, SAFE, no throw by CF
Batting: RHB Orlando Reyes 0-0: Fly out, F9 (Flyball, 9LS, EV 97.5 MPH)
Batting: RHB Zhen-bang Kwan 0-0: SINGLE (Groundball, 6MD, EV 94.4 MPH)
Brook Linen scores
Tony Worley to second
Batting: LHB Bill O'Halloran 0-0: Ball
1-0: Foul Ball, location: 2F
1-1: Foul Ball, location: 2F
1-2: Ball
2-2: Ball
3-2: SINGLE (Line Drive, 6MD, EV 98.1 MPH)
Tony Worley to third
Zhen-bang Kwan to second
Tony Worley scores
Zhen-bang Kwan to third
Batting: RHB Jesús Morán 0-0: Called Strike
0-1: Ball
1-1: Swinging Strike
1-2: Ball
2-2: Ball
3-2: Fly out, F7 (Flyball, 7LMF, EV 83.1 MPH)
Bottom of the 4th over - 2 runs, 3 hits, 0 errors, 2 left on base; Sioux Falls 4 - Ellenburg 2
TOP OF THE 5TH
Sioux Falls Red Pandas batting - Pitching for Ellenburg Fighting Dachsunds : RHP Shihab bin Salim
Batting: LHB Jin-yong Myung 0-0: Ground out 6-3 (Groundball, 6M, EV 98.8 MPH)
Batting: RHB Lane McCool 0-0: Called Strike
0-1: Ball
1-1: Ball
2-1: Fly out, F4 (Popup, 4S, EV 71.2 MPH)
Batting: LHB António González 0-0: Foul Ball, location: 2F
0-1: Foul Ball, location: 2F
0-2: Ball
1-2: Ball
2-2: Ball
3-2: Foul Ball, location: 2F
3-2: Foul Ball, location: 2F
3-2: Base on Balls
Batting: RHB Tsukasa Sekine 0-0: Ball
1-0: Swinging Strike
1-1: Ball
2-1: Ball
3-1: Foul Ball, location: 2F
3-2: Base on Balls
António González to second
Batting: RHB António Martínez 0-0: Fielders Choice at 2nd, 5-4 (Groundball, 56, EV 103.1 MPH)
Top of the 5th over - 0 runs, 0 hits, 0 errors, 2 left on base; Sioux Falls 4 - Ellenburg 2
BOTTOM OF THE 5TH
Ellenburg Fighting Dachsunds batting - Pitching for Sioux Falls Red Pandas : LHP Habakkuk Baldonado
Batting: RHB Sze Qi 0-0: Ball
1-0: Called Strike
1-1: Ground out 1-3 (Groundball, 13, EV 76.2 MPH)
Batting: SHB Adam Clements 0-0: Swinging Strike
0-1: Ball
1-1: Hit by Pitch
Batting: RHB Brook Linen Pickoff Throw to First - Out! 1-3
0-0: Ball
1-0: Ball
2-0: Called Strike
2-1: Called Strike
2-2: SINGLE (Groundball, 6MD, EV 94.4 MPH)
Batting: RHB Arvi Sutinen 0-0: Ball
1-0: Called Strike
1-1: Called Strike
Brook Linen steals 2nd, throwing error, E2
Brook Linen to third
1-2: SINGLE (Groundball, 56S, EV 70.0 MPH) (infield hit)
Brook Linen scores
Batting: LHB Tony Worley 0-0: Swinging Strike
0-1: Ball
Pickoff Throw by Catcher to First - Error! E2
Arvi Sutinen to second
1-1: SINGLE (Groundball, 34, EV 101.9 MPH) (infield hit)
Arvi Sutinen to third
Batting: RHB Orlando Reyes 0-0: Ball
1-0: Called Strike
1-1: TRIPLE (Line Drive, 89XD, EV 103.8 MPH)
Arvi Sutinen scores
Tony Worley scores
Batting: RHB Zhen-bang Kwan 0-0: Foul Ball, location: 2F
0-1: Ball
1-1: Ball
2-1: Ball
3-1: Foul Ball, location: 2F
3-2: Ground out 1-3 (Groundball, 34S, EV 83.8 MPH)
Bottom of the 5th over - 3 runs, 4 hits, 2 errors, 1 left on base; Sioux Falls 4 - Ellenburg 5
TOP OF THE 6TH
Sioux Falls Red Pandas batting - Pitching for Ellenburg Fighting Dachsunds : RHP Shihab bin Salim
Pitching: LHP Riley Evans
Batting: RHB Dewey Nauss 0-0: Called Strike
0-1: Foul Ball, location: 2F
0-2: Ball
1-2: Ball
2-2: SINGLE (Line Drive, 9S, EV 111.9 MPH)
Batting: SHB Javier Vázquez 0-0: Called Strike
0-1: Foul Ball, location: 2F
0-2: Foul Ball, location: 2F
0-2: Foul Ball, location: 2F
0-2: Ball
1-2: Foul Ball, location: 2F
1-2: Ball
2-2: DOUBLE (Line Drive, 78D, EV 113.8 MPH)
Dewey Nauss to third
Runner from 3rd tries for Home, throw by CF and OUT! 8-6-2
Batting: LHB Ramón Morterero 0-0: Ball
1-0: Swinging Strike
1-1: Called Strike
1-2: Strikes out swinging
Batting: LHB Preston Witt 0-0: Ball
1-0: Called Strike
1-1: Called Strike
1-2: 2-RUN HOME RUN (Flyball, 89XD, EV 116.2 MPH), Distance : 441 ft
Batting: LHB Jin-yong Myung 0-0: Ball
1-0: Ball
2-0: Ball
3-0: Called Strike
3-1: Foul Ball, location: 2F
3-2: Strikes out swinging
Top of the 6th over - 2 runs, 3 hits, 0 errors, 0 left on base; Sioux Falls 6 - Ellenburg 5
BOTTOM OF THE 6TH
Ellenburg Fighting Dachsunds batting - Pitching for Sioux Falls Red Pandas : LHP Habakkuk Baldonado
Pitching: RHP Érico Laborde
Batting: LHB Bill O'Halloran 0-0: Ball
1-0: Ball
2-0: Called Strike
2-1: Foul Ball, location: 2F
2-2: Fly out, F9 (Flyball, 9, EV 91.9 MPH)
Batting: RHB Jesús Morán 0-0: Ball
1-0: Swinging Strike
1-1: Ball
2-1: Foul Ball, location: 2F
2-2: Strikes out looking
Batting: RHB Sze Qi 0-0: Called Strike
0-1: Ball
1-1: Foul Ball, location: 2F
1-2: Foul Ball, location: 2F
1-2: Foul Ball, location: 2F
1-2: Ball
2-2: Ground out 6-3 (Groundball, 6, EV 99.4 MPH)
Bottom of the 6th over - 0 runs, 0 hits, 0 errors, 0 left on base; Sioux Falls 6 - Ellenburg 5
TOP OF THE 7TH
Sioux Falls Red Pandas batting - Pitching for Ellenburg Fighting Dachsunds : LHP Riley Evans
Batting: RHB Lane McCool 0-0: Ball
1-0: Ball
2-0: SINGLE (Groundball, 4MD, EV 97.5 MPH)
Batting: LHB António González 0-0: Called Strike
0-1: Foul Ball, location: 2F
0-2: Strikes out swinging
Batting: RHB Tsukasa Sekine 0-0: Grounds into double play, 6-4-3 (Groundball, 6, EV 80.0 MPH)
Top of the 7th over - 0 runs, 1 hit, 0 errors, 0 left on base; Sioux Falls 6 - Ellenburg 5
BOTTOM OF THE 7TH
Ellenburg Fighting Dachsunds batting - Pitching for Sioux Falls Red Pandas : RHP Érico Laborde
Batting: SHB Adam Clements 0-0: SINGLE (Groundball, 4, EV 106.2 MPH) (infield hit)
Batting: RHB Brook Linen 0-0: Foul Ball, location: 2F
0-1: Swinging Strike
0-2: Fielders Choice at 2nd, 2-4 (Groundball, 15S, EV 67.5 MPH)
Batting: RHB Arvi Sutinen 0-0: Ball
1-0: Swinging Strike
1-1: Ball
2-1: Ball
Brook Linen steals 2nd base
3-1: SINGLE (Groundball, 6D, EV 106.2 MPH)
Brook Linen to third
Pitching: RHP Ramón Martínez
Batting: LHB Tony Worley 0-0: Called Strike
0-1: Swinging Strike
0-2: Fly out, F8 (Flyball, 8RM, EV 91.9 MPH)
Runner from 3rd tags up, SCORES, throw by CF
Batting: RHB Orlando Reyes 0-0: Called Strike
0-1: Ball
1-1: Foul Ball, location: 2F
1-2: Foul Ball, location: 2F
1-2: Foul Ball, location: 2F
1-2: SINGLE (Groundball, 6MD, EV 111.2 MPH)
Arvi Sutinen to second
Runner from 2nd tries for 3rd, SAFE, no throw by CF
Batting: RHB Zhen-bang Kwan 0-0: Ball
1-0: DOUBLE (Flyball, 89D, EV 109.4 MPH)
Arvi Sutinen scores
Orlando Reyes to third
Runner from 3rd tries for Home, SAFE, no throw by CF
Batting: LHB Bill O'Halloran 0-0: Ball
1-0: Fly out, F8 (Flyball, 8RD, EV 74.4 MPH)
Bottom of the 7th over - 3 runs, 4 hits, 0 errors, 1 left on base; Sioux Falls 6 - Ellenburg 8
TOP OF THE 8TH
Sioux Falls Red Pandas batting - Pitching for Ellenburg Fighting Dachsunds : LHP Riley Evans
Batting: RHB António Martínez 0-0: Called Strike
0-1: Called Strike
0-2: Foul Ball, location: 2F
0-2: Strikes out swinging
Batting: RHB Dewey Nauss 0-0: Called Strike
0-1: Swinging Strike
0-2: Ball
1-2: Strikes out swinging
Batting: SHB Javier Vázquez 0-0: Foul Ball, location: 2F
0-1: Ground out 3-1 (Groundball, 34, EV 97.5 MPH)
Top of the 8th over - 0 runs, 0 hits, 0 errors, 0 left on base; Sioux Falls 6 - Ellenburg 8
BOTTOM OF THE 8TH
Ellenburg Fighting Dachsunds batting - Pitching for Sioux Falls Red Pandas : RHP Ramón Martínez
Batting: RHB Jesús Morán 0-0: Swinging Strike
0-1: Ball
1-1: SINGLE (Flyball, 7S, EV 88.1 MPH)
Pitching: RHP Jiong Bao
Batting: RHB Sze Qi 0-0: Sac Bunt to 23 - play at first, batter OUT! 3-4
Jesús Morán to second
Batting: SHB Adam Clements 0-0: Ball
1-0: Ball
2-0: Called Strike
2-1: Called Strike
2-2: Foul Ball, location: 2F
2-2: Ball
3-2: Base on Balls
Batting: RHB Brook Linen 0-0: Ball
1-0: Called Strike
1-1: Foul Ball, location: 2F
1-2: Fly out, F7 (Flyball, 7S, EV 86.9 MPH)
Batting: RHB Arvi Sutinen 0-0: Foul Ball, location: 2F
0-1: Ball
1-1: Foul Ball, location: 2F
1-2: Strikes out looking
Bottom of the 8th over - 0 runs, 1 hit, 0 errors, 2 left on base; Sioux Falls 6 - Ellenburg 8
TOP OF THE 9TH
Sioux Falls Red Pandas batting - Pitching for Ellenburg Fighting Dachsunds : LHP Riley Evans
Pitching: RHP Paul Zucarelli
Batting: LHB Ramón Morterero 0-0: Foul Ball, location: 2F
0-1: Swinging Strike
0-2: Strikes out looking
Batting: LHB Preston Witt 0-0: Ball
1-0: Fly out, F9 (Flyball, 9LS, EV 93.8 MPH)
Batting: LHB Jin-yong Myung 0-0: Called Strike
0-1: Ball
1-1: Called Strike
1-2: Foul Ball, location: 2F
1-2: Ground out 3-1 (Groundball, 34S, EV 68.8 MPH)
Top of the 9th over - 0 runs, 0 hits, 0 errors, 0 left on base; Sioux Falls 6 - Ellenburg 8
Friday, April 17th, 2020 - OOTP Baseball 20.8 Build 74